 Dungeon Crawl Stone Soup version 0.27.1-3-gb3d3a73c9e (webtiles) character file.

Game seed: 2050665801374751817

311 MisterFreud the Stinger (level 6, -3/44 HPs)
             Began as a Gnoll Venom Mage on Oct 5, 2021.
             Was a Believer of Qazlal.
             Slain by a black bear (10 damage)
             ... on level 3 of the Dungeon.
             The game lasted 00:06:08 (2381 turns).

MisterFreud the Stinger (Gnoll Venom Mage)          Turns: 2381, Time: 00:06:08

Health: -3/44      AC:  4    Str:  8    XL:     6   Next: 42%
Magic:  7/14       EV: 13    Int: 16    God:    Qazlal [**....]
Gold:   41         SH:  3    Dex: 12    Spells: 7/15 levels left

rFire    + . .     SeeInvis .   b - +0 dagger
rCold    . . .     Faith    .   (no shield)
rNeg     . . .     Spirit   .   c - +1 robe {rF+}
rPois    .         Reflect  .   (no helmet)
rElec    .         Harm     .   (no cloak)
rCorr    .         Rampage  .   m - +0 pair of gloves
Will     .....                  (no boots)
Stlth    ++........             e - amulet of regeneration
HPRegen  1.14/turn              (no ring)
MPRegen  0.14/turn              (no ring)

@: no status effects
A: fangs 1, strong nose, distributed training
a: Renounce Religion, Upheaval


You were on level 3 of the Dungeon.
You worshipped Qazlal.
Qazlal was pleased with you.
You visited 1 branch of the dungeon, and saw 3 of its levels.

You collected 86 gold pieces.
You spent 45 gold pieces at shops.

Inventory:

Hand Weapons
 b - a +0 dagger (weapon)
Armour
 a - a +0 robe
 c - a +1 robe of fire resistance (worn)
 m - a +0 pair of gloves (worn)
Jewellery
 e - an amulet of regeneration (around neck)
Scrolls
 d - a scroll of teleportation {unknown}
 f - a scroll of amnesia
 i - a scroll of magic mapping {unknown}
Potions
 g - a potion of mutation {unknown}
 h - a potion of brilliance {unknown}
 j - a potion of resistance {unknown}
 k - a potion of heal wounds {unknown}
 l - a potion of haste {unknown}
 n - a potion of lignification {unknown}


   Skills:
 + Level 2.0 Fighting
 + Level 2.0 Short Blades
 + Level 2.0 Long Blades
 + Level 2.0 Axes
 + Level 2.0 Maces & Flails
 + Level 2.0 Polearms
 + Level 2.0 Staves
 + Level 2.0 Slings
 + Level 2.0 Bows
 + Level 2.0 Crossbows
 + Level 2.0 Throwing
 + Level 2.0 Armour
 + Level 5.0 Dodging
 + Level 4.6 Stealth
 + Level 2.0 Shields
 + Level 2.0 Unarmed Combat
 + Level 5.3 Spellcasting
 + Level 1.5 Conjurations
 + Level 1.5 Hexes
 + Level 1.5 Summonings
 + Level 1.5 Necromancy
 + Level 1.5 Translocations
 + Level 2.6 Transmutations
 + Level 1.5 Fire Magic
 + Level 1.5 Ice Magic
 + Level 1.5 Air Magic
 + Level 1.5 Earth Magic
 + Level 5.6 Poison Magic
 + Level 2.1 Invocations
 + Level 2.0 Evocations


You had 7 spell levels left.
You knew the following spells:

 Your Spells              Type           Power      Damage    Failure   Level
a - Sting                 Tmut/Pois      68%        1d6       2%          1
b - Mephitic Cloud        Conj/Pois/Air  13%        N/A       13%         3
c - Olgreb's Toxic Radia  Pois           22%        N/A       14%         4

Your spell library contained the following spells:

 Spells                   Type           Power      Damage    Failure   Level
 Poisonous Vapours        Pois/Air       30%        N/A       4%          2


Dungeon Overview and Level Annotations

Branches:
Dungeon (3/15)

Altars:
Qazlal

Shops:
D:2 *


Innate Abilities, Weirdness & Mutations

You have very sharp teeth.
Your uncanny sense of smell can sniff out nearby items.
Your experience applies equally to all skills.


Message History

The sting hits the black bear.
The black bear looks even sicker.
The black bear is moderately wounded.
The black bear barely misses you.
The black bear claws you but does no damage.
The black bear closely misses you.
Casting: Sting (safe; 2% risk of failure)
Confirm with . or Enter, or press ? or * to list all spells.
Aiming: Sting (safe; 2% risk of failure)
Press: ? - help, Shift-Dir - straight line, f/p - black bear
Aim: a black bear (moderately wounded, very poisoned, 81% to hit)
The sting hits the black bear.
The black bear looks as sick as possible!
The black bear is heavily wounded.
You block the black bear's attack. The black bear claws you. x2
You hit the black bear but do no damage.
Your bite misses the black bear.
The black bear is heavily wounded.
You block the black bear's attack. The black bear claws you. x2
You hit the black bear.
The black bear is severely wounded.
The black bear goes berserk!
You hit the black bear.
You bite the black bear, but do no damage.
The black bear is severely wounded.
The black bear bites you! The black bear claws you. x2
You hit the black bear. Your bite misses the black bear.
The black bear is almost dead.
The black bear bites you! The black bear barely misses you.
The black bear claws you.
* * * LOW HITPOINT WARNING * * *
Unknown command.
The black bear rages.
The black bear bites you.
* * * LOW HITPOINT WARNING * * *
The black bear claws you.
* * * LOW HITPOINT WARNING * * *
The black bear barely misses you.
The black bear rages.
The black bear bites you!
You die...

###.##.#
#.##.######
#.....)...#
.......##.####.#
#<####.##.# #.#
#.##.####.#
#......##.#
#..###.##.# #.@#
#....#
##h###.####
##.....#
#...####
∆#..............
..###...#######
##.## #.# #.#


You could see a black bear (berserk, very poisoned).

Vanquished Creatures
  Sigmund (D:2)
  Jessica (D:2)
  Natasha (thrice) (D:2)
  3 adders
  A worm (D:3)
  A dart slug (D:1)
  2 orcs (D:3)
  2 ball pythons
  3 bats (D:2)
  2 endoplasms
  7 giant cockroaches
  6 quokkas
  3 frilled lizards (D:1)
  4 goblins
  3 kobolds
  9 rats
51 creatures vanquished.

Notes
Turn   | Place    | Note
-------+----------+-------------------------------------------
     0 | D:1      | MisterFreud the Gnoll Venom Mage began the quest for the
                  | Orb.
     0 | D:1      | Reached XP level 1. HP: 13/13 MP: 6/6
   313 | D:1      | Found a faded altar of an unknown god.
   389 | D:1      | Became a worshipper of Qazlal Stormbringer
   389 | D:1      | Reached * piety under Qazlal
   444 | D:1      | Reached XP level 2. HP: 19/19 MP: 4/7
  1087 | D:2      | Noticed Sigmund
  1138 | D:2      | Reached XP level 3. HP: 25/25 MP: 7/9
  1142 | D:2      | Learned a level 3 spell: Mephitic Cloud
  1174 | D:2      | Reached skill level 5 in Spellcasting
  1228 | D:2      | Noticed Natasha
  1252 | D:2      | Reached skill level 1 in Invocations
  1312 | D:2      | Killed Sigmund
  1313 | D:2      | Reached skill level 1 in Fighting
  1313 | D:2      | Reached skill level 1 in Short Blades
  1313 | D:2      | Reached skill level 1 in Long Blades
  1313 | D:2      | Reached skill level 1 in Axes
  1313 | D:2      | Reached skill level 1 in Maces & Flails
  1313 | D:2      | Reached skill level 1 in Polearms
  1313 | D:2      | Reached skill level 1 in Staves
  1313 | D:2      | Reached skill level 1 in Slings
  1313 | D:2      | Reached skill level 1 in Bows
  1313 | D:2      | Reached skill level 1 in Crossbows
  1313 | D:2      | Reached skill level 1 in Throwing
  1313 | D:2      | Reached skill level 1 in Armour
  1313 | D:2      | Reached skill level 1 in Shields
  1313 | D:2      | Reached skill level 1 in Unarmed Combat
  1313 | D:2      | Reached skill level 1 in Conjurations
  1313 | D:2      | Reached skill level 1 in Hexes
  1313 | D:2      | Reached skill level 1 in Summonings
  1313 | D:2      | Reached skill level 1 in Necromancy
  1313 | D:2      | Reached skill level 1 in Translocations
  1313 | D:2      | Reached skill level 1 in Fire Magic
  1313 | D:2      | Reached skill level 1 in Ice Magic
  1313 | D:2      | Reached skill level 1 in Air Magic
  1313 | D:2      | Reached skill level 1 in Earth Magic
  1313 | D:2      | Reached skill level 1 in Evocations
  1313 | D:2      | Reached XP level 4. HP: 14/32 MP: 2/11
  1313 | D:2      | Reached XP level 5. HP: 17/37 MP: 2/12
  1458 | D:2      | Found Wen Miuh's Assorted Antiques.
  1459 | D:2      | Reached ** piety under Qazlal
  1521 | D:2      | Noticed Jessica
  1530 | D:2      | Killed Jessica
  1564 | D:2      | Killed Natasha
  1565 | D:2      | Reached XP level 6. HP: 44/44 MP: 10/13
  1638 | D:2      | Noticed Natasha
  1643 | D:2      | Killed Natasha
  1657 | D:2      | Noticed Natasha
  1669 | D:2      | Killed Natasha
  1941 | D:2      | Bought a scroll labelled ODOGAS ZUSAPTO for 24 gold pieces
  1941 | D:2      | Bought a fuming silvery potion for 21 gold pieces
  1947 | D:2      | Learned a level 4 spell: Olgreb's Toxic Radiance
  1971 | D:3      | Reached skill level 5 in Dodging
  2368 | D:3      | Noticed a black bear
  2381 | D:3      | Slain by a black bear

Illustrated notes

Levels and vault maps discovered:
D:1:      scummos_arrival_hexagon, layout_loops_corners,
          shapermc_ecumenical_altar_starsandcircs, minmay_tromino_v4_b
D:2:      layout_rooms, serial_shops, shop, uniq_sigmund, uniq_jessica,
          uniq_natasha
D:3:      layout_loops_ring, serial_shops, shop_fountains, item_on_display_a

Skill      XL: |  1  2  3  4  5  6 |
---------------+-------------------+-----
Transmutations | 2 |  2.6
Spellcasting   | 5 |  5.3
Invocations    | 1 2 |  2.1
Fighting       | 1 2 |  2.0
Short Blades   | 1 2 |  2.0
Long Blades    | 1 2 |  2.0
Axes           | 1 2 |  2.0
Maces & Flails | 1 2 |  2.0
Polearms       | 1 2 |  2.0
Staves         | 1 2 |  2.0
Slings         | 1 2 |  2.0
Bows           | 1 2 |  2.0
Crossbows      | 1 2 |  2.0
Throwing       | 1 2 |  2.0
Armour         | 1 2 |  2.0
Shields        | 1 2 |  2.0
Unarmed Combat | 1 2 |  2.0
Conjurations   | 1 |  1.5
Hexes          | 1 |  1.5
Summonings     | 1 |  1.5
Necromancy     | 1 |  1.5
Translocations | 1 |  1.5
Fire Magic     | 1 |  1.5
Ice Magic      | 1 |  1.5
Air Magic      | 1 |  1.5
Earth Magic    | 1 |  1.5
Evocations     | 1 2 |  2.0
Dodging        | 5 |  5.0
Stealth        | |  4.6
Poison Magic   | |  5.6

Action                   |  1- 3 |  4- 6 || total
-------------------------+-------+-------++-------
Melee: Dagger            |    31 |    32 ||    63
       Bite              |     1 |     5 ||     6
 Cast: Sting             |    39 |    52 ||    91
       Mephitic Cloud    |     2 |       ||     2
       Olgreb's Toxic Ra |       |     1 ||     1
  Use: Scroll            |       |     1 ||     1
 Stab: Confused          |     2 |       ||     2
Armor: Robe              |     7 |     7 ||    14
Dodge: Dodged            |    24 |    19 ||    43
Block: Other             |     5 |     5 ||    10
